 Dungeon Crawl Stone Soup version 0.18.1-50-g88ac8fd (webtiles) character file.

961 Lovchig the Covered (level 7, -15/64 HPs)
             Began as a Minotaur Fighter on Sept 26, 2016.
             Demolished by an orc warrior
             ... wielding a +4 trident
              (18 damage)
             ... on level 6 of the Dungeon on Sept 27, 2016.
             The game lasted 00:14:36 (3811 turns).

Lovchig the Covered (Minotaur Fighter)              Turns: 3811, Time: 00:14:37

Health: -15/64     AC: 15    Str: 19 (22) XL:     7   Next: 92%
Magic:  6/6        EV:  9    Int:  4 (5)  God:
Gold:   106        SH:  0    Dex: 10      Spells: 0 memorised, 6 levels left

rFire  x . .     SeeInvis .     a - +0 war axe
rCold  + . .     Gourm    .     C - +0 chain mail
rNeg   . . .     Faith    .     (no shield)
rPois  +         Spirit   .     w - +2 hat
rElec  .         Dismiss  .     r - +0 cloak
rCorr  .         Reflect  .     (no gloves)
SustAt .         Harm     .     (no boots)
MR     .....                    (no amulet)
Stlth  ..........               x - ring of poison resistance
                                A - ring of ice

@: about to teleport, drained, not resistant to hostile enchantments, extremely
unstealthy
A: retaliatory headbutt, horns 2, yellow scales 1, deterioration 1, screaming 1
a: no special abilities


You were on level 6 of the Dungeon.
You were hungry.

You visited 1 branch of the dungeon, and saw 6 of its levels.

You collected 255 gold pieces.
You spent 149 gold pieces at shops.

Inventory:

Hand Weapons
 a - a +0 war axe (weapon)
Armour
 r - a +0 cloak (worn)
 w - a +2 hat (worn)
 C - a +0 chain mail (worn)
Jewellery
 x - a ring of poison resistance (right hand)
 A - a ring of ice (left hand)
Wands
 p - a wand of flame (48/48)
 s - a wand of flame (23/48)
Scrolls
 e - 6 scrolls of remove curse
 j - a scroll of fear
 k - a scroll of magic mapping
 l - 2 scrolls of teleportation
 n - 5 scrolls of identify
 t - a scroll of blinking
Potions
 c - a potion of agility
 g - a potion of brilliance
 m - a potion of lignification
 o - a potion of curing
 z - 2 potions of invisibility
 B - a potion of might
Comestibles
 b - a royal jelly
 f - 3 bread rations
 i - 3 slices of pizza
 q - 3 fruits
 u - 3 meat rations
 v - 2 chunks of flesh


   Skills:
 * Level 6.6(6.2) Fighting
 * Level 5.3(5.0) Axes
 * Level 7.2(6.8) Armour
 * Level 4.3(4.0) Dodging
   Level 3.6(3.2) Shields


You had 6 spell levels left.
You didn't know any spells.

Dungeon Overview and Level Annotations

Branches:
Dungeon (6/15)
 Temple: D:4-7

Altars:
Ashenzari
Gozag
Ru
Vehumet

Shops:
D:4 !


Innate Abilities, Weirdness & Mutations

You reflexively headbutt those who attack you in melee.
You have a pair of horns on your head.
You are partially covered in yellow scales (AC +2).
Your body sometimes deteriorates upon taking damage.
You occasionally shout uncontrollably at your foes.


Message History

You hit the orc warrior. You headbutt the orc warrior.
The orc warrior is severely wounded.
The orc warrior hits you with an enchanted trident!
* * * LOW HITPOINT WARNING * * *
Your body deteriorates!
You feel dopey.
Drink which item? (? for menu, Esc to quit)
You feel better.
The orc warrior hits you with an enchanted trident!
* * * LOW HITPOINT WARNING * * *
Drink which item? (? for menu, Esc to quit)
You feel better.
The orc warrior hits you with an enchanted trident!
* * * LOW HITPOINT WARNING * * *
Your body deteriorates!
You feel weakened.
The orc warrior hits you but does no damage.
Read which item? (? for menu, Esc to quit)
As you read the scroll of teleportation, it crumbles to dust.
You feel strangely unstable.
The orc warrior hits you from afar with an enchanted trident!!
You die...

#.# #.# ##)# ## #..#
.# #<## .# #.#
#.#########.# #.#
#.......#...# #.#
#######@...### #.#
.........#...# #.#
#######o>..#.#####.#
#o#.##.......#
#.#.########## #.#..
#.###. ..# .# ### #


You could see an orc warrior and an orc.

Vanquished Creatures
  The ghost of radiusnl the Shield-Bearer, an amateur HuFi of Makhleb (D:3)
  An ogre (D:4)
  A centaur (D:5)
  3 crimson imps
  A centaur zombie (D:5)
  A jelly (D:5)
  2 orc priests
  3 orc wizards
  A worker ant (D:4)
  A statue (D:5)
  A killer bee zombie (D:5)
  9 adders
  A shadow imp (D:5)
  An ooze (D:3)
  2 adder skeletons
  A worm (D:3)
  2 giant geckos
  14 orcs
  3 ball pythons
  3 giant cockroaches
  8 goblins
  9 hobgoblins
  2 jackals (D:2)
  5 kobolds
  A quokka (D:3)
  9 bats
  2 giant newts
  A quokka skeleton (D:5)
  4 rats (D:1)
93 creatures vanquished.

Vanquished Creatures (collateral kills)
  A giant frog (D:6)
1 creature vanquished.

Grand Total: 94 creatures vanquished

Notes
Turn   | Place    | Note
--------------------------------------------------------------
     0 | D:1      | Lovchig the Minotaur Fighter began the quest for the Orb.
     0 | D:1      | Reached XP level 1. HP: 19/19 MP: 0/0
    85 | D:1      | Found a shattered altar of Ashenzari.
   185 | D:1      | Reached XP level 2. HP: 27/27 MP: 1/1
   776 | D:2      | Reached skill level 4 in Armour
   776 | D:2      | Reached skill level 1 in Dodging
   776 | D:2      | Reached XP level 3. HP: 33/33 MP: 2/2
  1543 | D:3      | Noticed radiusnl's ghost (amateur HuFi)
  1551 | D:3      | Killed radiusnl's ghost
  1551 | D:3      | Reached skill level 5 in Fighting
  1551 | D:3      | Reached skill level 5 in Armour
  1551 | D:3      | Reached XP level 4. HP: 21/42 MP: 3/3
  1551 | D:3      | Reached XP level 5. HP: 24/48 MP: 4/4
  1703 | D:3      | Found a sacrificial altar of Ru.
  1714 | D:3      | Reached XP level 6. HP: 50/56 MP: 5/5
  2268 | D:4      | Found an opulent altar of Gozag.
  2335 | D:4      | Reached skill level 6 in Armour
  2665 | D:4      | Found Qesetaq's Distillery.
  2675 | D:4      | Bought a potion of heal wounds for 65 gold pieces
  2675 | D:4      | Bought a potion of mutation for 32 gold pieces
  2675 | D:4      | Bought a potion of might for 52 gold pieces
  2679 | D:4      | Gained mutation: You occasionally shout uncontrollably at your foes. [potion of mutation]
  2679 | D:4      | Gained mutation: You are partially covered in yellow scales (AC +2). [potion of mutation]
  2679 | D:4      | Gained mutation: Your body sometimes deteriorates upon taking damage. [potion of mutation]
  2815 | D:5      | Entered Level 5 of the Dungeon
  2853 | D:5      | Reached XP level 7. HP: 51/62 MP: 6/6
  3304 | D:5      | Reached skill level 7 in Armour
  3361 | D:5      | Found a radiant altar of Vehumet.
  3373 | D:5      | Reached skill level 5 in Axes
  3807 | D:6      | HP: 2/64 [orc warrior/enchanted trident (10)]
  3811 | D:6      | Demolished by an orc warrior

Skill      XL: |  1  2  3  4  5  6  7 |
---------------+----------------------+-----
Fighting       | 4 5 6 |  6.6
Armour         | 4 5 6 7 |  7.2
Dodging        | 1 2 3 4 |  4.3
Axes           | 4 5 |  5.3
Shields        | |  3.6

Action                   |  1- 3 |  4- 6 |  7- 9 || total
-------------------------+-------+-------+-------++-------
Melee: War axe           |    75 |    78 |   100 ||   253
       Headbutt          |    11 |    11 |    20 ||    42
  Use: Scroll            |     9 |     3 |     5 ||    17
       Potion            |     1 |     1 |     4 ||     6
 Stab: Paralysed         |       |     1 |       ||     1
  Eat: Chunk             |     2 |     4 |     3 ||     9
Armor: Scale mail        |    38 |    47 |    31 ||   116
       Chain mail        |       |       |    36 ||    36
Dodge: Dodged            |    49 |    48 |    70 ||   167
